 Dungeon Crawl Stone Soup version 0.18-a0-1685-g4482fe3 (webtiles) character file.

12734 Eucla the Geomancer (level 11, -4/61 HPs)
             Began as an Octopode Earth Elementalist on Apr 4, 2016.
             Was a High Priest of Vehumet.
             Slain by a river rat (8 damage)
             ... on level 1 of the Lair of Beasts.
             The game lasted 00:43:42 (16976 turns).

Eucla the Geomancer (Octopode Earth Elementalist)  Turns: 16976, Time: 00:43:43

Health: -4/61      AC:  1    Str:  7    XL:     11   Next: 98%
Magic:  8/18       EV: 12    Int: 22    God:    Vehumet [*****.]
Gold:   688        SH:  0    Dex: 12    Spells: 5 memorised, 7 levels left

rFire  . . .     SeeInvis .     F - staff of wizardry
rCold  . . .     Gourm    .     (no shield)
rNeg   . . .     Faith    .     (helmet restricted)
rPois  .         Spirit   .     w - amulet of magic regeneration
rElec  .         Dismiss  .     P - ring of wizardry
rCorr  .         Reflect  .     (no ring)
SustAt .         Harm     .     (no ring)
MR     .....                    (no ring)
Stlth  +++++.....               (no ring)
                                (no ring)
                                (no ring)
                                (no ring)

@: about to teleport, not resistant to hostile enchantments, quite stealthy
A: almost no armour, amphibious, 8 rings, constrict 8, camouflage 1, gelatinous
body 1
a: Renounce Religion


You were on level 1 of the Lair of Beasts.
You worshipped Vehumet.
Vehumet was extremely pleased with you.
You were not hungry.

You visited 2 branches of the dungeon, and saw 12 of its levels.
You also visited: Sewer.

You collected 1018 gold pieces.
You spent 330 gold pieces at shops.

Inventory:

Hand Weapons
 h - a +1 dagger
 v - a +2 rapier of speed
 M - a +2 whip of electrocution
Missiles
 a - 365 stones (quivered)
 i - 49 poisoned needles
Armour
 p - a cursed +0 buckler
Magical Staves
 E - an uncursed staff of death
 F - an uncursed staff of wizardry (weapon)
Jewellery
 w - an amulet of magic regeneration (around mantle)
 P - a ring of wizardry (left tentacle)
Wands
 s - a wand of flame (48/48)
 t - a wand of teleportation (5/9)
 z - a wand of slowing (21/48)
 A - a wand of random effects (27/48)
 B - a wand of paralysis (12/24)
 G - a wand of flame (11/48)
 H - a wand of iceblast (0/15)
 K - a wand of random effects (14/48)
 W - a wand of confusion (29/48)
 X - a wand of hasting (3/9)
Scrolls
 d - 4 scrolls of magic mapping
 f - 9 scrolls of remove curse
 j - 5 scrolls of enchant weapon
 n - 3 scrolls of recharging
 o - 4 scrolls of amnesia
 u - a scroll of fear
 y - a scroll of fog
 C - 2 scrolls of enchant armour
 J - 6 scrolls of teleportation
 N - 3 scrolls of blinking
 O - a scroll of noise
 Q - 3 scrolls of silence {unknown}
Potions
 e - 2 potions of flight
 g - 2 potions of haste
 k - 4 potions of heal wounds
 l - 2 potions of might
 q - a potion of lignification {unknown}
 r - a potion of magic {unknown}
 x - a potion of brilliance {unknown}
 I - 2 potions of invisibility {unknown}
 R - a potion of cure mutation {unknown}
 S - a potion of cancellation {unknown}
 U - a potion of curing
 V - 2 potions of berserk rage {unknown}
Books
 b - a book of Geomancy

   Spells                             Type                      Level
   a - Sandblast                      Earth                        1
   b - Passwall                       Transmutation/Earth          2
   c - Stone Arrow                    Conjuration/Earth            3
   d - Petrify                        Transmutation/Earth          4
   e - Lee's Rapid Deconstruction     Earth                        5
 m - a book of Beasts

   Spells                             Type                      Level
   a - Summon Butterflies             Summoning                    1
   b - Call Canine Familiar           Summoning                    3
   c - Summon Ice Beast               Ice/Summoning                4
   d - Summon Mana Viper              Hexes/Summoning              5
   e - Summon Hydra                   Summoning                    7
 L - a book of Battle

   Spells                             Type                      Level
   a - Infusion                       Charms                       1
   b - Shroud of Golubria             Charms/Translocation         2
   c - Song of Slaying                Charms                       2
   d - Spectral Weapon                Hexes/Charms                 3
   e - Regeneration                   Charms/Necromancy            3
Comestibles
 c - 13 bread rations
 D - a meat ration
 T - 8 slices of pizza


   Skills:
 - Level 2.0 Dodging
 - Level 7.1 Stealth
 + Level 3.1 Shields
 - Level 5.0 Spellcasting
 - Level 6.5 Conjurations
 + Level 7.9 Summonings
 - Level 1.0 Transmutations
 + Level 13.6 Earth Magic


You had 7 spell levels left.
You knew the following spells:

 Your Spells              Type           Power        Failure   Level  Hunger
a - Sandblast             Erth           ######       1%          1    None
b - Stone Arrow           Conj/Erth      #####.       1%          3    ##.....
c - Lee's Rapid Deconstr  Erth           ######....   1%          5    #####..
d - Summon Butterflies    Summ           #####...     1%          1    None
e - Ignite Poison         Fire/Trmt/Pois #.......     3%          3    ##.....


Dungeon Overview and Level Annotations

Branches:
Dungeon (11/15)            Temple (0/1) D:6            Lair (1/8) D:11
    Orc (0/2) D:10

Altars:
Ashenzari
Dithmenos
Elyvilon
Fedhas
Okawaru
Trog
Vehumet
Xom
Yredelemnul
Zin
The Shining One

Shops:
D:10 ?


Innate Abilities, Weirdness & Mutations

You cannot wear most types of armour.
You are amphibious.
You can wear up to eight rings at the same time.
You can use your tentacles to constrict eight enemies at once.
Your skin changes colour to match your surroundings (Stealth).
Your rubbery body absorbs attacks (AC +1).


Message History

You hit the river rat.
The river rat is moderately wounded.
You constrict the river rat. The river rat bites you. x2
The river rat barely misses you. The river rat bites you.
* * * LOW HITPOINT WARNING * * *
You are too injured to fight recklessly!
Unknown command.
Unknown command.
You release your grip on the river rat.
The river rat bites you.
* * * LOW HITPOINT WARNING * * *
The river rat bites you.
* * * LOW HITPOINT WARNING * * *
Unknown command.
Read which item? (? for menu, Esc to quit)
As you read the scroll of teleportation, it crumbles to dust.
You feel strangely unstable. The river rat bites you!
* * * LOW HITPOINT WARNING * * *
The river rat bites you!
You die...

................≈≈≈≈≈.....♣
..............♣≈.≈≈≈.≈...≈...
..P#.###.####.≈.≈..≈.≈.≈≈.≈.♣
..#### ######♣≈≈...≈.≈.≈≈≈..♣
..# #...≈≈....≈.≈≈≈≈..≈
..#########..≈≈≈≈≈..≈.≈≈.....
............♣≈≈...≈≈≈...≈≈≈..
...............≈≈r...≈≈†...≈≈
........#.#.....@r≈≈.≈..≈≈≈≈≈
........##..♣≈..≈r≈≈.≈....≈≈.
........###..[..≈≈≈.≈.≈...≈≈.
........# ##.♣.≈.≈≈.≈.≈..≈.≈♣
........# ###..≈...≈.≈≈≈.≈..
........### ##.......≈≈≈≈≈...
......>.#.###...♣.≈..≈≈.....(
...................♣♣♣.♣...##
....................# ...###


You could see 3 river rats.

Vanquished Creatures
  The ghost of Username the Destroyer, a journeyman OpCj of Vehumet (D:10)
  A hill giant (D:10)
  A black mamba (Lair:1)
  2 komodo dragons
  A troll (D:9)
  A spriggan (D:11)
  12 yaks
  A wraith (D:10)
  2 hippogriffs
  A warg (D:10)
  A mottled dragon (D:11)
  2 porcupines (Lair:1)
  3 water moccasins (Lair:1)
  2 sky beasts
  5 orc warriors
  7 ice beasts
  An eye of draining (D:11)
  A black bear (D:10)
  A wasp (D:11)
  A phantom (D:6)
  5 ogres
  7 centaurs
  A necrophage (D:5)
  5 crocodiles
  4 big kobolds
  6 giant frogs
  A wyvern zombie (D:8)
  A water moccasin zombie (D:7)
  13 killer bees
  4 scorpions
  13 wights
  3 electric eels
  5 howler monkeys
  4 crimson imps
  2 giant frog zombies
  A centaur zombie (D:8)
  A jelly (D:7)
  A centaur skeleton (D:11)
  7 orc priests
  Crazy Yiuf (D:3)
  3 giant frog skeletons
  4 hounds
  9 iguanas
  8 orc wizards
  7 worker ants
  A killer bee zombie (D:10)
  5 sheep (Lair:1)
  A hound zombie (D:7)
  A howler monkey zombie (D:11)
  6 gnolls (D:3)
  A howler monkey skeleton (D:7)
  12 adders
  16 river rats
  3 shadow imps
  4 oozes
  8 worms
  3 dart slugs
  11 giant geckos
  68 orcs
  6 giant cockroaches
  8 goblins
  6 hobgoblins
  19 kobolds
  5 quokkas
  10 ball pythons
  10 bats
  2 giant gecko skeletons
  6 giant newts
  2 quokka zombies
  15 rats
  A fungus (D:3)
393 creatures vanquished.

Vanquished Creatures (others)
  A fungus (D:3)
1 creature vanquished.

Grand Total: 394 creatures vanquished

Notes
Turn   | Place    | Note
--------------------------------------------------------------
     0 | D:1      | Eucla the Octopode Earth Elementalist began the quest for the Orb.
     0 | D:1      | Reached XP level 1. HP: 11/11 MP: 3/3
   134 | D:1      | Reached XP level 2. HP: 17/17 MP: 5/5
   560 | D:1      | Reached XP level 3. HP: 21/21 MP: 6/6
   565 | D:1      | Learned a level 3 spell: Stone Arrow
  1423 | D:2      | Reached XP level 4. HP: 27/27 MP: 8/8
  1816 | D:3      | Reached skill level 1 in Conjurations
  1898 | D:3      | Reached skill level 4 in Earth Magic
  1898 | D:3      | Reached XP level 5. HP: 16/31 MP: 0/9
  2054 | D:3      | Learned a level 5 spell: Lee's Rapid Deconstruction
  2194 | D:3      | Learned a level 1 spell: Summon Butterflies
  2875 | D:3      | Reached XP level 6. HP: 19/36 MP: 1/11
  2971 | D:3      | Reached skill level 5 in Stealth
  3363 | D:3      | Found a bloodstained altar of Trog.
  3390 | D:3      | HP: 1/36 [giant gecko (4)]
  4216 | D:3      | Noticed Crazy Yiuf
  4220 | D:3      | Killed Crazy Yiuf
  4220 | D:3      | Reached XP level 7. HP: 39/41 MP: 12/12
  4383 | D:4      | Found a glowing drain.
  4412 | Sewer    | Entered a sewer
  4749 | Sewer    | Reached skill level 5 in Earth Magic
  5509 | D:4      | Reached XP level 8. HP: 46/46 MP: 2/14
  5870 | D:4      | Reached skill level 6 in Earth Magic
  5888 | D:5      | Entered Level 5 of the Dungeon
  6093 | D:5      | Found a shimmering altar of Xom.
  6280 | D:5      | Found a shimmering altar of Xom.
  6281 | D:5      | Found a shattered altar of Ashenzari.
  6283 | D:5      | Found an iron altar of Okawaru.
  6290 | D:5      | Found a blossoming altar of Fedhas.
  6291 | D:5      | Found a shadowy altar of Dithmenos.
  6294 | D:5      | Found a radiant altar of Vehumet.
  6595 | D:5      | Became a worshipper of Vehumet
  6711 | D:6      | Reached skill level 5 in Spellcasting
  6711 | D:6      | Reached skill level 7 in Earth Magic
  7163 | D:6      | Reached skill level 5 in Conjurations
  7205 | D:6      | Found a staircase to the Ecumenical Temple.
  7348 | D:6      | Reached XP level 9. HP: 51/51 MP: 6/16
  8696 | D:7      | Reached * piety under Vehumet
  8696 | D:7      | Offered knowledge of Sting by Vehumet.
  8696 | D:7      | Reached skill level 8 in Earth Magic
  9286 | D:8      | Found a glowing silver altar of Zin.
  9289 | D:8      | Found a glowing golden altar of the Shining One.
  9290 | D:8      | Found a white marble altar of Elyvilon.
  9355 | D:8      | Reached skill level 9 in Earth Magic
  9713 | D:8      | Reached skill level 1 in Summonings
  9843 | D:8      | Found a basalt altar of Yredelemnul.
 10110 | D:8      | Reached skill level 10 in Earth Magic
 10110 | D:8      | Reached XP level 10. HP: 22/56 MP: 10/17
 11012 | D:9      | HP: 1/56 [something/puff of flame (5)]
 11411 | D:9      | Found an iron altar of Okawaru.
 11438 | D:9      | Offered knowledge of Searing Ray by Vehumet.
 11464 | D:9      | Identified a scroll of acquirement
 11721 | D:9      | Reached ** piety under Vehumet
 12087 | D:10     | Entered Level 10 of the Dungeon
 12087 | D:10     | Found Qeomp's Magic Scroll Boutique.
 12097 | D:10     | Bought a scroll of teleportation for 30 gold pieces
 12097 | D:10     | Bought a scroll of blinking for 75 gold pieces
 12097 | D:10     | Bought a scroll of blinking for 75 gold pieces
 12097 | D:10     | Bought a scroll of identify for 20 gold pieces
 12097 | D:10     | Bought a scroll of teleportation for 30 gold pieces
 12097 | D:10     | Bought a scroll of teleportation for 30 gold pieces
 12097 | D:10     | Bought a scroll of magic mapping for 35 gold pieces
 12097 | D:10     | Bought a scroll of magic mapping for 35 gold pieces
 12104 | D:10     | Found a staircase to the Orcish Mines.
 12143 | D:10     | Noticed a hill giant
 12289 | D:10     | Reached skill level 11 in Earth Magic
 12823 | D:10     | Noticed Username's ghost (journeyman OpCj)
 12831 | D:10     | Killed Username's ghost
 12847 | D:10     | Offered knowledge of Ignite Poison by Vehumet.
 12865 | D:10     | Learned a level 3 spell: Ignite Poison
 12964 | D:10     | Reached skill level 5 in Summonings
 12992 | D:10     | Killed a hill giant
 12992 | D:10     | Reached skill level 12 in Earth Magic
 13067 | D:10     | Reached *** piety under Vehumet
 13072 | D:10     | Reached XP level 11. HP: 49/61 MP: 5/18
 13942 | D:10     | Offered knowledge of Olgreb's Toxic Radiance by Vehumet.
 14338 | D:11     | Reached **** piety under Vehumet
 14553 | D:11     | Offered knowledge of Lightning Bolt by Vehumet.
 14638 | D:11     | Found a staircase to the Lair.
 14800 | D:11     | Reached skill level 13 in Earth Magic
 15665 | Lair:1   | Entered Level 1 of the Lair of Beasts
 15738 | Lair:1   | Reached skill level 1 in Shields
 15828 | Lair:1   | Reached ***** piety under Vehumet
 15829 | Lair:1   | Offered knowledge of Venom Bolt by Vehumet.
 16976 | Lair:1   | Slain by a river rat

Vault maps used:
D:1:      dpeg_arrival_tiny_c
D:2:      kennysheep_decorative_pillar, minivault_25
D:3:      trog_butcher_becter, uniq_crazy_yiuf_cottage
D:4:      portal_sewer_entry_a, enter_ossuary_5
D:5:      minitemple, first_bread, minmay_fountain_box, st_stairs_13,
          dk_vineyard_3, xom_teletrap_fun
D:6:      minmay_temple_entry_hall
D:8:      good_gods_temple_1, basic_altar
D:9:      basic_altar
D:10:     david_orc_3, serial_shops, nicolae_shop_stone
D:11:     erik_lair_dragon, grunt_pizzeria, kennysheep_nondescript,
          fountainhead, kennysheep_generic_room_9
Lair:1:   nicolae_quartered_pool_super
Sewer:    sewer_co_tree

Skill      XL: |  1  2  3  4  5  6  7  8  9 10 11 |
---------------+----------------------------------+-----
Stealth        | 3 4 7 |  7.1
Spellcasting   | 3 4 5 |  5.0
Conjurations   | 1 3 5 6 |  6.5
Earth Magic    | 4 5 7 10 12 13 | 13.6
Summonings     | 2 5 7 |  7.9
Shields        | 3 |  3.1
Dodging        | |  2.0
Transmutations | |  1.0

Action                   |  1- 3 |  4- 6 |  7- 9 | 10-12 || total
-------------------------+-------+-------+-------+-------++-------
Melee: Unarmed           |    25 |       |       |       ||    25
       Dagger            |    58 |   130 |    88 |       ||   276
       Rapier            |       |       |   111 |       ||   111
       Staff             |       |       |       |    90 ||    90
       Whip              |       |       |       |    43 ||    43
 Cast: Stone Arrow       |     1 |    36 |   104 |   233 ||   374
       Sandblast         |       |     1 |       |       ||     1
       Lee's Rapid Decon |       |       |     6 |    30 ||    36
       Summon Butterflie |       |       |     1 |       ||     1
Evoke: Wand              |       |       |       |     5 ||     5
  Use: Potion            |       |     1 |       |     5 ||     6
       Scroll            |       |       |     6 |    12 ||    18
 Stab: Sleeping          |    18 |     6 |    31 |     1 ||    56
       Distracted        |       |       |     1 |     1 ||     2
       Paralysed         |       |       |       |     3 ||     3
  Eat: Chunk             |     1 |     5 |     4 |    10 ||    20
       Beef jerky        |       |     2 |       |     1 ||     3
       Meat ration       |       |     1 |     1 |     3 ||     5
       Pizza             |       |       |     1 |     1 ||     2
       Bread ration      |       |       |     1 |       ||     1
       Fruit             |       |       |    19 |     4 ||    23
       Royal jelly       |       |       |       |     1 ||     1
